AoeStats
← 1360126080

Arena

510397299Analyzed
1v1 RM · 2d ago on Sep 30, 2026· 46m 37s· 2 players
Game mode
Random Map
Map size
Tiny (2 player)
Population
200
Speed
Normal
Resources
Standard
Victory
Conquest
Starting age
Dark Age
Ending age
Imperial Age
RankedLock teamsTeams togetherTeam positionsShared explorationLock speedFull tech treeHidden civsTurbo modeCheats
Victory
Defeat
🇨🇳 Franks · China
164
+9
🇲🇽 Spanish · Mexico
10
-9
Ryuk7035
6:04 Loom
13:00 Feudal Age
19:21 Castle Age
27:37 Squires
27:22 Gambesons
46:47 Imperial Age
1360126080
10:55 Feudal Age
11:28 Double-Bit Axe
18:49 Castle Age
17:16 Gold Mining
17:28 Stone Mining
20:54 Bow Saw
25:15 Wheelbarrow
30:28 Husbandry
32:00 Hand Cart
32:51 Light Cavalry
34:52 Loom
34:52 Town Watch
37:11 Fletching
37:21 Padded Archer Armor
37:26 Scale Barding Armor
37:32 Forging
37:22 Scale Mail Armor
37:45 Ballistics
37:05 Treadmill Crane
37:21 Murder Holes
39:07 Gold Shaft Mining
39:14 Gold Shaft Mining
41:23 Imperial Age
40:38 Iron Casting
40:24 Chain Barding Armor
40:20 Leather Archer Armor
40:01 Bodkin Arrow
40:21 Chain Mail Armor
40:19 Masonry
40:20 Fortified Wall
41:37 Cavalier
42:41 Conscription
44:08 Blast Furnace
43:43 Plate Barding Armor
43:13 Paladin
47:05 Chemistry
46:12 Siege Engineers
46:37 Architecture
45:58 Guard Tower
Connection lost

Rejoining the realm…

Still unreachable

The connection could not be restored.

Session expired

The server has moved on; the page needs a fresh start.